 Dungeon Crawl Stone Soup version 0.29-a0-582-ge82337ba6a (webtiles) character file.

Game seed: 7166268281989270006

938 zeratav the Slicer (level 8, -9/49 HPs)
             Began as a Kobold Gladiator on June 14, 2022.
             Shot with an arrow by a centaur (13 damage)
             ... on level 5 of the Dungeon.
             The game lasted 00:12:34 (6012 turns).

zeratav the Slicer (Kobold Gladiator)               Turns: 6012, Time: 00:12:35

Health: -9/49      AC:  5    Str: 11    XL:     8   Next: 34%
Magic:  8/8        EV: 15    Int:  9    God:
Gold:   247        SH:  0    Dex: 19    Spells: 7/7 levels left

rFire   . . .      SeeInvis .   D - +2 rapier (vamp) {short}
rCold   . . .      Faith    .   (no shield)
rNeg    . . .      Spirit   .   b - +0 leather armour
rPois   .          Reflect  .   c - +0 helmet
rElec   .          Harm     .   (no cloak)
rCorr   .          Rampage  .   x - +0 pair of gloves
Will    .....                   (no boots)
Stlth   ++++......              (no amulet)
HPRegen 0.16/turn               (no ring)
MPRegen 0.11/turn               (no ring)

@: no status effects
A: small, no large weapons, nightstalker 3
a: no special abilities


You were on level 5 of the Dungeon.
You visited 1 branch of the dungeon, and saw 5 of its levels.
You also visited: Sewer.

You collected 247 gold pieces.


Innate Abilities, Weirdness & Mutations

You are small and have problems with some larger weapons.
You are completely attuned to the shadows.


   Skills:
 + Level 5.3 Fighting
 - Level 10.0 Short Blades
 - Level 2.1 Throwing
 - Level 3.6 Dodging
 - Level 5.0 Stealth


You had 7 spell levels left.
You didn't know any spells.
Your spell library contained the following spells:

 Spells                   Type           Power      Damage    Failure   Level
 Apportation              Tloc           0%         N/A       47%         1
 Necrotize                Necr           0%         1d4       47%         1
 Summon Small Mammal      Summ           0%         N/A       47%         1
 Freezing Cloud           Conj/Ice/Air   0%         6-21      100%        5
 Simulacrum               Ice/Necr       0%         N/A       100%        6
 Polar Vortex             Ice            0%         N/A       100%        9

Inventory:

Hand Weapons
 j - a +0 dagger of electrocution {short}
   (You found it on level 1 of the Dungeon)
 D - a +2 vampiric rapier (weapon) {short}
   (You found it on level 5 of the Dungeon)
Missiles
 e - 4 boomerangs (quivered) {throwing}
Armour
 b - a +0 leather armour (worn)
 c - a +0 helmet (worn)
 x - a +0 pair of gloves (worn)
   (You found it on level 2 of the Dungeon)
Jewellery
 f - a ring of protection from fire
   (You found it on level 4 of the Dungeon)
Scrolls
 m - a scroll of immolation {unknown}
 o - 2 scrolls of enchant armour {unknown}
 q - 2 scrolls of magic mapping {!r}
 s - a scroll of enchant weapon {unknown}
 t - a scroll of identify {unknown}
Potions
 i - a potion of ambrosia {unknown}
 k - 4 potions of heal wounds {unknown}
 n - a potion of attraction {unknown}
 p - 3 potions of curing {unknown}
 r - 2 potions of mutation {unknown}
 u - 3 potions of flight {unknown}
 w - 2 potions of degeneration {unknown}
 z - 3 potions of brilliance {unknown}
 A - a potion of haste {unknown}

Dungeon Overview and Level Annotations

Branches:
Dungeon (5/15)              Sewer (visited)
 Temple: D:4-7

Altars:
Fedhas

Shops:
D:1 : D:2

( .>#..'h....
#..†#.###.#
.....#..... #...###
##
.8...#########.....##
......#l....')......#
..###h#!....#......##
## #.#######...#..#
#c.#S!S#....#.##
##.##.##......#
#..#'#@..#..##
##.c.....####
###....## ######


You could see a centaur.


Message History

You hit the necrophage. The necrophage barely misses you.
You hit the necrophage.
You destroy the necrophage!
No target in view!
Found a stone staircase leading up.
Found an escape hatch in the floor.
A scorpion comes into view.
A yak and an orc come into view.
There is an open door here.
The orc shouts!
You hear a shout!
A centaur comes into view.
An orc wizard comes into view. It is wielding a +0 dagger.
There is an open door here.
The scorpion attacks as you move away! The scorpion stings you.
The yak attacks as you move away! The yak gores you.
The scorpion closely misses you.
HP[-6]
You take 6 damage, and now have 42/48 hp.
As you read the scroll of summoning, it crumbles to dust.
Wisps of shadow whirl around you... The scorpion barely misses you.
You hit the scorpion. The scorpion misses you.
You hit the scorpion.
You feel better. The scorpion barely misses you.
HP[+2]
You regained 2 hp, and now have 44/48 hp.
You completely miss the scorpion. Your necrophage hits the scorpion.
You hit the scorpion.
You feel better. The scorpion barely misses you.
HP[+2]
You regained 2 hp, and now have 46/48 hp.
You closely miss the scorpion. The scorpion stings you.
Your necrophage closely misses the scorpion.
Your hound bites the scorpion but does no damage.
HP[-1]
You take 1 damage, and now have 45/48 hp.
You hit the scorpion.
You feel better.
You kill the scorpion!
The centaur wields a +0 shortbow.
The centaur shoots an arrow.
The arrow completely misses your hound. The arrow hits you!
Your Fighting skill increases to level 5!
HP[-5]
You now have 49 max hp (+1).
You take 5 damage, and now have 40/49 hp.
You swap places.
The orc barely misses your hound.
Your hound bites the yak.
The centaur unwields a +0 shortbow.
The centaur closely misses your hound. The centaur misses your hound.
Your hound bites the centaur.
The yak gores your hound. The orc barely misses your hound.
The centaur wields a +0 shortbow.
The centaur shoots an arrow.
The arrow closely misses your hound. The arrow hits you!
Your hound bites the orc.
HP[-11]
You take 11 damage, and now have 29/49 hp.
MASSIVE DAMAGE!! (PAUSE)
You swap places.
The orc wizard casts a spell.
The orc wizard flickers and vanishes!
Deactivating autopickup; reactivate with Ctrl-A.
The yak snorts and paws the ground.
The yak closely misses your hound. The orc barely misses your hound.
Your hound bites the orc.
Your hound bites the orc.
The orc dies!
The yak barely misses your hound. Something barely misses your hound.
Something kicks your hound but does no damage.
The yak gores your necrophage!
Your necrophage barely misses the yak.
HP[+1]
Something hits your hound. Something completely misses your hound.
HP[+1]
The centaur hits your necrophage!
Your necrophage is destroyed!
Your necrophage's corpse dissolves into shadows!
Your hound bites the centaur but does no damage.
The centaur wields a +0 shortbow.
The centaur shoots an arrow.
The arrow misses your ufetubus. The arrow hits you.
Something completely misses your hound.
Your hound bites the centaur.
HP[-4]
You take 4 damage, and now have 27/49 hp.
The centaur shoots an arrow.
The arrow closely misses your ufetubus. The arrow hits you!
* * * LOW HITPOINT WARNING * * *
The centaur shoots an arrow.
The arrow closely misses your ufetubus. The arrow barely misses you.
HP[-9]
You take 9 damage, and now have 18/49 hp.
The centaur shoots an arrow.
The arrow misses your ufetubus. The arrow hits you!
* * * LOW HITPOINT WARNING * * *
HP[-8]
You take 8 damage, and now have 10/49 hp.
The centaur shoots an arrow.
The arrow hits your ufetubus!
Your ufetubus dies!
Your ufetubus dissolves into shadows!
You open the door. 2 adders come into view.
The centaur shoots an arrow.
The arrow hits you!
* * * LOW HITPOINT WARNING * * *
HP[-6]
You take 6 damage, and now have 4/49 hp.
There is an open door here.
The centaur shoots an arrow.
The arrow hits you!
You die...

Skill      XL: |  1  2  3  4  5  6  7  8 |
---------------+-------------------------+-----
Short Blades   | 5 6 7 8 10 | 10.0
Stealth        | 2 4 5 |  5.0
Fighting       | 3 5 |  5.3
Throwing       | |  2.1
Dodging        | |  3.6

Action                   |  1- 3 |  4- 6 |  7- 9 || total
-------------------------+-------+-------+-------++-------
Melee: Rapier            |    35 |       |   153 ||   188
       Dagger            |    18 |   194 |    71 ||   283
       Punch             |       |     4 |     2 ||     6
Throw: Throwing net      |     1 |     6 |     1 ||     8
  Use: Scroll            |       |       |     3 ||     3
 Stab: Sleeping          |    14 |    16 |     9 ||    39
       Held in net/web   |       |     2 |       ||     2
       Distracted        |       |     1 |     1 ||     2
Armor: Leather armour    |     5 |    28 |    21 ||    54
Dodge: Dodged            |    32 |   100 |   104 ||   236

Levels and vault maps discovered:
D:1:      shiori_arrival_elements, layout_loops_ring,
          dilly_ecumenical_altar_fadedgnrine, serial_shops, shop,
          minmay_misc_feat_secret_circle, st_stairs_2
D:2:      layout_loops_ring, serial_shops, shop, minmay_door_square
D:3:      layout_rooms, mainiacjoe_overflow_six_doors_small,
          kennysheep_cross_room, st_stairs_9
D:4:      layout_cave_pools
D:5:      layout_cave_pools, portal_sewer_entry_f, serial_column_ruins,
          column_ruins_grid_1, column_ruins_columns_water, column_ruins_grid_1,
          column_ruins_grid_1, minmay_divided_ellipse

Notes
Turn   | Place    | Note
-------+----------+-------------------------------------------
     0 | D:1      | zeratav the Kobold Gladiator began the quest for the Orb.
     0 | D:1      | Reached XP level 1. HP: 12/12 MP: 1/1
     0 | D:1      | magus.rc [v1.9.6]
    86 | D:1      | Reached XP level 2. HP: 14/17 MP: 2/2
   213 | D:1      | Reached skill level 5 in Short Blades
   538 | D:1      | Reached XP level 3. HP: 14/21 MP: 3/3
   704 | D:1      | Found Ubyen's Book Shop.
   884 | D:1      | Found a faded altar of an unknown god.
  1239 | D:2      | Found Zoenoip's Weapon Boutique.
  1313 | D:2      | Reached skill level 6 in Short Blades
  1325 | D:2      | Reached XP level 4. HP: 26/26 MP: 4/4
  1763 | D:2      | You pick up a book of Cantrips and begin reading...
  1763 | D:2      | You add the spells Necrotize, Summon Small Mammal and
                  | Apportation to your library.
  1838 | D:2      | Reached skill level 1 in Stealth
  2067 | D:3      | You pick up a book of Ice and begin reading...
  2067 | D:3      | You add the spells Freezing Cloud, Simulacrum and Polar
                  | Vortex to your library.
  2087 | D:3      | Found a blossoming altar of Fedhas.
  2590 | D:3      | Reached skill level 2 in Stealth
  2590 | D:3      | Reached XP level 5. HP: 28/30 MP: 5/5
  3128 | D:4      | Reached skill level 7 in Short Blades
  3412 | D:4      | Reached skill level 3 in Stealth
  3738 | D:4      | Noticed an ogre
  3741 | D:4      | Killed an ogre
  3742 | D:4      | Reached skill level 4 in Stealth
  3742 | D:4      | Reached XP level 6. HP: 35/35 MP: 6/6
  3977 | D:5      | Entered Level 5 of the Dungeon
  4221 | D:5      | Reached skill level 8 in Short Blades
  4307 | D:5      | Reached skill level 5 in Stealth
  4346 | D:5      | Reached XP level 7. HP: 40/40 MP: 7/7
  4402 | D:5      | Reached skill level 9 in Short Blades
  4640 | D:5      | Found a glowing drain.
  4646 | Sewer    | Entered a sewer
  4741 | Sewer    | Reached skill level 10 in Short Blades
  5205 | Sewer    | Reached skill level 3 in Fighting
  5205 | Sewer    | Reached XP level 8. HP: 26/46 MP: 8/8
  5377 | Sewer    | Reached skill level 4 in Fighting
  5980 | D:5      | Noticed a yak
  5991 | D:5      | Reached skill level 5 in Fighting
  6007 | D:5      | HP: 10/49 [centaur/arrow (8)]
  6009 | D:5      | HP: 4/49 [centaur/arrow (7)]
  6012 | D:5      | Shot with an arrow by a centaur

Vanquished Creatures
  An ice beast (D:5)
  An ogre (D:4)
  3 kobold brigands (Sewer)
  A necrophage (D:5)
  2 scorpions (D:5)
  A hound (D:5)
  An iguana (D:5)
  2 orc wizards
  11 adders
  3 river rats (Sewer)
  An ufetubus (D:5)
  3 dart slugs
  18 orcs
  6 ball pythons
  4 bats
  10 endoplasms
  A giant cockroach (D:5)
  12 goblins
  5 hobgoblins
  10 jackals
  7 kobolds
  7 quokkas
  5 frilled lizards
  9 rats
124 creatures vanquished.

Vanquished Creatures (collateral kills)
  An orc (D:5)
1 creature vanquished.

Vanquished Creatures (others)
  11 plants (Sewer)
11 creatures vanquished.

Grand Total: 136 creatures vanquished

Table legend:
 A = Non-vault XP
 B = Vault XP
 C = Vault XP percentage of total XP
 D = Non-vault monster count
 E = Vault monster count
 F = Vault count percentage of total count
                 A         B        C        D         E       F
            +---------+---------+-------+---------+---------+-------
      Total |     810 |     531 |  39.6 |      85 |      40 |  32.0
            +---------+---------+-------+---------+---------+-------
        D:1 |      34 |       6 |  15.0 |      19 |       3 |  13.6
        D:2 |      62 |       0 |   0.0 |      21 |       0 |   0.0
        D:3 |      61 |       8 |  11.6 |      12 |       4 |  25.0
        D:4 |     201 |       0 |   0.0 |      16 |       0 |   0.0
        D:5 |     452 |     134 |  22.9 |      17 |      10 |  37.0
      Sewer |       0 |     383 | 100.0 |       0 |      23 | 100.0
            +---------+---------+-------+---------+---------+-------

Illustrated notes

Table legend:
 A = Kills in this place as a percentage of kills in entire the game.
 B = Kills by you in this place as a percentage of kills by you in the entire game.
 C = Kills by friends in this place as a percentage of kills by friends in the entire game.
 D = Other kills in this place as a percentage of other kills in the entire game.
 E = Experience gained in this place as a percentage of experience gained in the entire game.
 F = Experience gained in this place divided by the number of levels of this place that you have seen.
                   A       B       C       D       E      F
               +-------+-------+-------+-------+-------+----------------------
         Total | 100.0 | 100.0 | 100.0 |   N/A | 100.0 | 223.5
       Dungeon |  81.6 |  81.5 | 100.0 |   N/A |  71.4 | 191.6
         Sewer |  18.4 |  18.5 |   0.0 |   N/A |  28.6 | 383.0
               +-------+-------+-------+-------+-------+----------------------

Table legend: (Time is in decaauts)
 A = Elapsed time spent in this place.
 B = Non-inter-level travel time spent in this place.
 C = Inter-level travel time spent in this place.
 D = Time resting spent in this place.
 E = Time spent auto-exploring this place.
 F = Levels seen in this place.
 G = Mean time per level.
                   A        B        C        D        E       F      G
               +--------+--------+--------+--------+--------+-----+--------+
         Total |   6025 |   5823 |    202 |    909 |   3523 |   6 | 1004.2 |
       Dungeon |   4678 |   4476 |    202 |    515 |   3094 |   5 |  935.6 |
         Sewer |   1346 |   1346 |      0 |    394 |    429 |   1 | 1346.0 |
               +--------+--------+--------+--------+--------+-----+--------+

Top non-repeatable levels by time:
   Sewer: 1346 daAuts
     D:3: 1220 daAuts
     D:1: 1203 daAuts
     D:2: 796 daAuts
     D:5: 758 daAuts
     D:4: 700 daAuts
